 Dungeon Crawl Stone Soup version 0.21.1-1-g345015f (webtiles) character file.

65 Lokkij the Insei (level 4, -3/21 HPs)
             Began as a Vine Stalker Transmuter on June 23, 2018.
             Slain by a gnoll
             ... wielding a +0 halberd
              (7 damage)
             ... on level 2 of the Dungeon.
             The game lasted 00:06:45 (1905 turns).

Lokkij the Insei (Vine Stalker Transmuter)          Turns: 1905, Time: 00:06:46

Health: -3/21      AC:  2    Str: 13    XL:     4   Next: 13%
Magic:  0/9        EV: 12    Int: 13    God:
Gold:   142        SH:  0    Dex: 15    Spells: 5/8 levels left

rFire    . . .     SeeInvis .     - Unarmed
rCold    . . .     Gourm    .   (no shield)
rNeg     . . .     Faith    .   b - +0 robe
rPois    .         Spirit   +   (no helmet)
rElec    .         Reflect  .   (no cloak)
rCorr    .         Harm     .   (no gloves)
MR       .....                  (no boots)
Stlth    +.........             (no amulet)
HPRegen  0.47/turn              (no ring)
MPRegen  0.11/turn              (no ring)

@: flying, hasted, very quick
A: fangs 2, regeneration 1, magic shield, antimagic bite, no potion heal 3, rot
immunity
a: no special abilities


You were on level 2 of the Dungeon.
You were hungry.

You visited 1 branch of the dungeon, and saw 2 of its levels.

You collected 142 gold pieces.

Inventory:

Missiles
 a - 34 arrows
Armour
 b - a +0 robe (worn)
Scrolls
 f - a scroll of noise {unknown}
 g - a scroll of teleportation {unknown}
 h - 2 scrolls of remove curse {unknown}
 j - 2 scrolls of identify {unknown}
 k - a scroll of magic mapping {unknown}
 m - 2 scrolls of blinking {unknown}
Books
 c - a book of Changes

   Spells                             Type                      Level
   a - Beastly Appendage              Transmutation                1
   b - Sticks to Snakes               Transmutation                2
   c - Spider Form                    Transmutation/Poison         3
   d - Ice Form                       Ice/Transmutation            4
   e - Blade Hands                    Transmutation                5
Comestibles
 d - 4 rations
 n - a chunk of flesh


   Skills:
 - Level 0.8 Fighting
 - Level 1.5 Dodging
 * Level 3.8 Unarmed Combat
 + Level 2.8 Spellcasting
 * Level 3.1 Transmutations


You had 5 spell levels left.
You knew the following spells:

 Your Spells              Type           Power        Failure   Level  Hunger
a - Beastly Appendage     Tmut           #.....       6%          1    #......
b - Sticks to Snakes      Tmut           #.......     10%         2    ###....


Dungeon Overview and Level Annotations

Branches:
Dungeon (2/15)

Altars:


Innate Abilities, Weirdness & Mutations

You have extremely sharp teeth.
Your natural rate of healing is unusually fast.
When hurt, damage is shared between your health and your magic reserves.
Your bite disrupts and absorbs the magic of your enemies.
Potions cannot restore your health.
You are immune to rotting.


Message History

The gnoll is heavily wounded.
The gnoll closely misses you.
You closely miss the gnoll. You bite the gnoll, but do no damage.
The gnoll is heavily wounded.
You hit the gnoll. You bite the gnoll, but do no damage.
The gnoll is severely wounded.
The gnoll hits you with a halberd!
* * * LOW HITPOINT WARNING * * *
You closely miss the gnoll.
The gnoll is severely wounded.
You barely miss the gnoll.
The gnoll is severely wounded.
The gnoll hits you with a halberd.
* * * LOW HITPOINT WARNING * * *
You closely miss the gnoll.
The gnoll is severely wounded.
You barely miss the gnoll. Your bite misses the gnoll.
The gnoll is severely wounded.
The gnoll hits you with a halberd!
You die...

##.#.#.#.#.###..)..## #.###
#..†........#.......## #.#.##
##.#.#.#.#.#.........###....##
....................<'.......#
##.#.#.#.#.#.........###....##
##.##...####.......## #.#.##
#.###### ##.....## #.### .#.
##...## #.# .# #. ##@## #.# ##
.# #g# #.# # #g# #..
##g######### ######........#
#.........###.#
#.####...####.######.
#.##.#...............
..........###.######


You could see 3 gnolls.

Vanquished Creatures
  Robin (D:2)
  An ooze (D:1)
  A worm (D:2)
  A dart slug (D:1)
  A leopard gecko (D:2)
  2 bats (D:1)
  3 giant cockroaches
  4 hobgoblins (D:2)
  A frilled lizard (D:1)
  12 goblins
  8 kobolds
  6 rats
41 creatures vanquished.

Vanquished Creatures (collateral kills)
  A kobold (D:2)
  A bat (D:2)
2 creatures vanquished.

Grand Total: 43 creatures vanquished

Notes
Turn   | Place    | Note
-------+----------+-------------------------------------------
     0 | D:1      | Lokkij the Vine Stalker Transmuter began the quest for the Orb.
     0 | D:1      | Reached XP level 1. HP: 9/9 MP: 4/4
   233 | D:1      | Reached XP level 2. HP: 14/14 MP: 6/6
   396 | D:1      | You fall through a shaft!
  1048 | D:2      | Reached XP level 3. HP: 17/17 MP: 7/7
  1229 | D:2      | Noticed Robin
  1238 | D:2      | Killed Robin
  1554 | D:2      | Learned a level 2 spell: Sticks to Snakes
  1617 | D:2      | Gained mutation: Your natural rate of healing is unusually fast. [Vine Stalker growth]
  1617 | D:2      | Reached XP level 4. HP: 12/21 MP: 3/9
  1905 | D:2      | Slain by a gnoll

Skill      XL: |  1  2  3 |
---------------+----------+-----
Transmutations | 3 |  3.1
Fighting       | |  0.8
Dodging        | |  1.5
Unarmed Combat | |  3.8
Spellcasting   | |  2.8

Action                   |  1- 3 |  4- 6 || total
-------------------------+-------+-------++-------
Melee: Unarmed           |   106 |    16 ||   122
       Bite              |    25 |     7 ||    32
       Headbutt          |     3 |       ||     3
       Punch             |     1 |     1 ||     2
       Kick              |       |     2 ||     2
 Cast: Beastly Appendage |     4 |     1 ||     5
       Sticks to Snakes  |     1 |     4 ||     5
  Use: Potion            |       |     4 ||     4
 Stab: Distracted        |     1 |       ||     1
       Sleeping          |     1 |       ||     1
  Eat: Chunk             |     2 |     1 ||     3
Armor: Robe              |    17 |     1 ||    18
Dodge: Dodged            |    51 |    10 ||    61
